Map: Incorporeal LE

Players

ieffrat

  • Race: Terran Terran
  • League: Diamond
  • Spawn Location: 5:00

ManlyManMeat - Winner!

  • Race: Zerg Zerg
  • League: Diamond
  • Spawn Location: 11:00

VOD

Have the link to the VOD?

Description

Time

  • Played on: July 1, 2025, 1:33 p.m.
  • Length: 11:11
Show
View Real Time Build Order
Export as new Build Order

ieffrat Terran 

Build Orders:  

Get SALT Encoding   

  12  0:00  SCV  
  13  0:17  Supply Depot  
  13  0:18  SCV  
  14  0:30  SCV  
  15  0:37  Refinery  
  15  0:41  Barracks  
  15  0:45  SCV  
  16  0:51  Refinery  
  16  0:57  SCV  
  17  1:09  SCV  
  18  1:21  SCV  
  19  1:28  Marine  
  19  1:30  Factory  
  20  1:38  Orbital Command  
  20  1:46  Marine  
  21  2:14  Factory Tech Lab  
  21  2:17  Command Center  
  21  2:25  Supply Depot  
  21  2:34  Starport  
  21  2:35  SCV  
  22  2:41  Marine  
  23  2:47  Siege Tank  
  23  2:50  SCV  
  27  3:02  SCV  
  28  3:09  Supply Depot  
  28  3:13  Viking  
  28  3:16  SCV  
  31  3:28  Marine, SCV  
  31  3:29  Widow Mine  
  31  3:33  Orbital Command  
  35  3:40  Fusion Core  
  35  3:43  SCV  
  35  3:45  Starport Tech Lab  
  36  3:57  Refinery, SCV  
  37  4:03  Starport  
  37  4:09  SCV  
  38  4:12  SCV  
  38  4:14  Refinery  
  39  4:21  SCV  
  40  4:30  Supply Depot  
  40  4:42  Starport Tech Lab  
  40  4:46  Battlecruiser  
  40  4:48  SCV  
  40  4:49  SCV  
  48  4:58  Supply Depot  
  48  5:00  SCV  
  48  5:01  SCV  
  50  5:13  Battlecruiser  
  56  5:16  SCV x2  
  58  5:23  Supply Depot  
  58  5:28  SCV  
  59  5:29  Engineering Bay  
  59  5:30  Weapon Refit  
  59  5:32  SCV  
  60  5:43  SCV  
  60  5:44  SCV  
  60  5:49  Supply Depot  
  62  5:55  SCV  
  62  5:57  SCV  
  64  5:58  Missile Turret  
  64  5:59  Missile Turret  
  64  6:04  Battlecruiser  
  64  6:07  SCV  
  71  6:43  Battlecruiser  
  77  6:56  SCV  
  78  7:03  Command Center  
  78  7:08  SCV  
  79  7:21  SCV  
  80  7:27  Battlecruiser  
  86  7:41  Armory  
  86  7:42  Armory  
  86  7:45  Siege Tank, SCV x2  
  86  7:46  Refinery  
  86  7:50  Battlecruiser  
  97  7:51  Refinery  
  97  7:57  SCV  
  97  8:00  Neosteel Armor  
  97  8:06  SCV  
  97  8:09  Refinery, SCV  
  97  8:10  Starport  
  99  8:18  SCV  
  100  8:21  SCV  
  101  8:30  SCV  
  101  8:31  Battlecruiser  
  101  8:33  SCV  
  109  8:42  SCV  
  109  8:44  Planetary Fortress  
  110  8:49  Terran Ship Weapons Level 1  
  110  8:50  SCV  
  110  8:52  Starport Tech Lab  
  110  8:54  SCV  
  112  8:58  Terran Vehicle And Ship Armor Level 1  
  113  9:02  SCV  
  113  9:06  SCV  
  114  9:11  Missile Turret, Supply Depot  
  114  9:15  SCV  
  115  9:18  Command Center, SCV  
  116  9:27  Battlecruiser, SCV  
  123  9:33  SCV  
  123  9:36  Refinery  
  124  9:39  Refinery, Supply Depot, SCV  
  124  9:46  SCV  
  101  9:58  SCV  
  78  10:10  SCV  
  78  10:11  Missile Turret  
  78  10:12  Missile Turret  
  83  10:22  SCV  
  83  10:34  SCV  
  79  10:46  SCV  
Show
View Real Time Build Order
Export as new Build Order

ManlyManMeat Zerg - Winner!

Build Orders: Hatch First 

Get SALT Encoding   

  12  0:00  Drone  
  13  0:08  Drone  
  14  0:14  Extractor  
  14  0:16  Drone  
  15  0:22  Overlord  
  15  0:41  Drone  
  16  0:46  Hatchery  
  15  0:50  Drone  
  15  0:54  Drone  
  17  0:58  Drone  
  18  1:09  Extractor  
  17  1:13  Spawning Pool  
  17  1:16  Drone  
  17  1:19  Drone  
  18  1:26  Drone  
  19  1:40  Drone  
  20  2:00  Queen x2  
  24  2:01  Zergling x4  
  24  2:07  Overlord  
  26  2:12  Drone x2  
  28  2:17  Metabolic Boost  
  28  2:30  Drone x2  
  30  2:41  Hatchery  
  30  2:43  Drone  
  30  2:44  Drone  
  31  2:47  Drone  
  32  3:01  Queen  
  32  3:02  Drone x2  
  32  3:04  Overlord  
  36  3:19  Overlord  
  36  3:23  Drone  
  36  3:24  Drone x4  
  41  3:27  Extractor  
  40  3:35  Overlord  
  40  3:36  Overlord  
  40  3:43  Drone x2  
  40  3:44  Drone  
  43  3:51  Drone x3  
  43  3:54  Baneling Nest  
  44  4:08  Extractor  
  44  4:09  Extractor  
  42  4:10  Drone x5  
  42  4:11  Drone  
  42  4:13  Spore Crawler  
  42  4:14  Spore Crawler  
  46  4:20  Drone  
  46  4:21  Drone x2  
  49  4:25  Drone x2  
  49  4:26  Drone  
  49  4:28  Drone  
  49  4:29  Drone x2  
  49  4:30  Lair  
  55  4:39  Drone x3  
  55  4:40  Evolution Chamber  
  55  4:41  Evolution Chamber  
  55  4:42  Queen  
  55  4:45  Overlord  
  57  5:01  Overlord  
  57  5:02  Overlord  
  57  5:03  Queen  
  57  5:06  Zerg Ground Armor Level 1, Zerg Missile Weapons Level 1  
  59  5:10  Drone x3  
  59  5:13  Drone x3  
  65  5:30  Spire  
  65  5:34  Spore Crawler  
  65  5:35  Drone x3, Spore Crawler, Hydralisk Den  
  62  5:36  Drone  
  65  5:48  Zergling x6  
  68  6:00  Hatchery  
  68  6:02  Hatchery  
  66  6:04  Hydralisk x2  
  66  6:05  Hydralisk x3  
  66  6:08  Drone  
  66  6:09  Drone x2  
  66  6:11  Extractor  
  78  6:13  Extractor  
  78  6:14  Grooved Spines  
  71  6:44  Hydralisk x5  
  71  6:46  Overlord x3  
  81  6:54  Overlord x2  
  81  6:57  Overseer  
  81  7:05  Hydralisk x8  
  97  7:27  Drone  
  97  7:28  Drone, Overlord  
  97  7:29  Overlord  
  99  7:40  Hydralisk x5  
  99  7:41  Hydralisk  
  111  7:58  Corruptor x2  
  110  8:05  Muscular Augments  
  113  8:08  Hatchery  
  112  8:15  Corruptor  
  114  8:27  Drone x5  
  116  8:28  Drone  
  116  8:32  Zergling x8  
  116  8:33  Zergling x4, Overlord x4  
  126  8:39  Zerg Missile Weapons Level 2  
  126  8:56  Hydralisk x6  
  126  8:57  Zergling x2  
  126  8:58  Zergling x12  
  145  9:10  Corruptor x2  
  145  9:11  Zergling x16  
  157  9:25  Zergling x6  
  157  9:26  Zergling x2  
  156  9:36  Hydralisk x5  
  134  9:55  Hydralisk  
  134  9:56  Hydralisk x10  
  131  10:04  Hydralisk x2  
  129  10:13  Zergling x28  
  136  10:18  Drone x3  
  119  10:42  Zergling x24  
Tags
 
Matchup
TvZ
Replay Pack
Myownreplay2
Spawn Locations
Cross Positions
Add a new tag
Caveats
  • Supply blocks, unpowered buildings, or Contaminate may cause inaccurate times.
  • Supply counts are checked every 10 seconds.